 Dungeon Crawl Stone Soup version 0.26.1-11-gd32895ea62 (webtiles) character file.

Game seed: 12504998743045221583

107 kodamatunes15 the Ruffian (level 4, -3/37 HPs)
             Began as a Ghoul Gladiator on May 21, 2021.
             Slain by an adder (4 damage)
             ... on level 4 of the Dungeon.
             The game lasted 00:13:32 (3343 turns).

kodamatunes15 the Ruffian (Ghoul Gladiator)         Turns: 3343, Time: 00:13:32

Health: -3/37      AC:  7    Str: 17    XL:     4   Next: 86%
Magic:  3/3        EV: 12    Int:  4    God:
Gold:   164        SH:  0    Dex: 10    Spells: 3/3 levels left

rFire    . . .     SeeInvis .   a - +0 short sword
rCold    + . .     Faith    .   (no shield)
rNeg     + + +     Spirit   .   g - +0 ring mail
rPois    ∞         Reflect  .   b - +1 helmet
rElec    .         Harm     .   (no cloak)
rCorr    .         Rampage  .   (no gloves)
Will     .....                  (no boots)
Stlth    +.........             (no amulet)
HPRegen  0.00/turn              (no ring)
MPRegen  0.08/turn              (no ring)

@: no status effects
A: claws 1, cold resistance 1, negative energy resistance 3, inhibited
regeneration, torment resistance, unbreathing
a: no special abilities


You were on level 4 of the Dungeon.
You visited 1 branch of the dungeon, and saw 4 of its levels.

You collected 164 gold pieces.

Inventory:

Hand Weapons
 a - a +0 short sword (weapon)
Missiles
 c - 3 throwing nets (quivered)
Armour
 b - a +1 helmet (worn)
 g - a +0 ring mail (worn)
Jewellery
 e - a +4 ring of evasion
Scrolls
 h - a scroll of enchant armour
Potions
 d - 3 potions of heal wounds {unknown}
 f - 2 potions of might {unknown}
 i - a potion of magic {unknown}
 j - a potion of curing {unknown}


   Skills:
 + Level 2.3 Fighting
 + Level 0.4 Short Blades
 + Level 2.0 Throwing
 + Level 1.2 Armour
 + Level 3.4 Dodging
 + Level 0.9 Stealth
 + Level 4.4 Unarmed Combat


You had 3 spell levels left.
You didn't know any spells.
Your spell library was empty.

Dungeon Overview and Level Annotations

Branches:
Dungeon (4/15)
 Temple: D:4-7

Altars:
Elyvilon
Uskayaw


Innate Abilities, Weirdness & Mutations

You thrive by killing the living.
You are immune to poison.
You have sharp fingernails.
Your flesh is cold resistant. (rC+)
You are immune to negative energy. (rN+++)
You do not regenerate when monsters are visible.
You are immune to unholy pain and torment.
You can survive without breathing.


Message History

The frilled lizard hisses angrily.
The orc barely misses you. The adder closely misses you.
Found a short sword.
You hit the adder.
The adder is lightly wounded.
The orc hits you but does no damage. The adder bites you but does no damage.
The orc hits you but does no damage.
You hit the adder.
The adder is severely wounded.
The adder bites you but does no damage. The orc closely misses you. x2
The adder closely misses you.
You hit the adder but do no damage.
The adder is severely wounded.
The orc hits you with a +0 hand axe.
* * * LOW HITPOINT WARNING * * *
The adder misses you.
You completely miss the adder.
The adder is severely wounded.
The adder bites you.
You die...

## . #.. .#
##... .##
.....#### .)..
.#......##...#
.......o.....#
#...o#@#
#....So## #
#####Zr.#.##
#.#<.(.#
#......#
####...# .....
.#....#
.##....


You could see an adder, 2 orcs, a quokka and an adder skeleton.

Vanquished Creatures
  3 adders
  An adder skeleton (D:3)
  2 worms (D:2)
  3 leopard geckos
  An orc (D:4)
  4 giant cockroaches
  5 goblins
  5 hobgoblins
  6 jackals (D:2)
  10 kobolds
  A ball python (D:2)
  7 bats
  8 frilled lizards
  14 rats
70 creatures vanquished.

Notes
Turn   | Place    | Note
-------+----------+-------------------------------------------
     0 | D:1      | kodamatunes15 the Ghoul Gladiator began the quest for the
                  | Orb.
     0 | D:1      | Reached XP level 1. HP: 17/17 MP: 0/0
   154 | D:1      | Reached XP level 2. HP: 16/24 MP: 1/1
   783 | D:1      | Reached XP level 3. HP: 29/29 MP: 2/2
  1408 | D:2      | Reached skill level 4 in Unarmed Combat
  2222 | D:2      | Found a hide-covered altar of Uskayaw.
  2233 | D:2      | Reached XP level 4. HP: 28/36 MP: 3/3
  2397 | D:3      | Reached skill level 1 in Armour
  2916 | D:3      | Found a white marble altar of Elyvilon.
  3342 | D:4      | HP: 1/37 [orc/+0 hand axe (1)]
  3343 | D:4      | Slain by an adder

Illustrated notes

Levels and vault maps discovered:
D:1:      mrwooster_arrival_statue, layout_basic, st_stairs_12
D:2:      layout_basic, eat_drink_and_be_merry_uskayaw,
          gammafunk_temple_overflow_wave, serial_corexii_hall,
          corexii_hall_statues_u, corexii_hall_statues_s,
          corexii_hall_statues_l, chequers_hall_statues_wall_a,
          chequers_hall_statues_wall_a, corexii_hall_statues_s
D:3:      mumra_celtic_spiral_tile, layout_loops_ring, lemuel_crystal_altar
D:4:      layout_rooms, uniq_ijyb

Skill      XL: |  1  2  3  4 |
---------------+-------------+-----
Dodging        | 3 |  3.4
Throwing       | 2 |  2.0
Unarmed Combat | 4 |  4.4
Armour         | 1 |  1.2
Fighting       | |  2.3
Short Blades   | |  0.4
Stealth        | |  0.9

Action                   |  1- 3 |  4- 6 || total
-------------------------+-------+-------++-------
Melee: Unarmed           |   162 |       ||   162
       Short sword       |     4 |   106 ||   110
  Use: Scroll            |     6 |     3 ||     9
Armor: Leather armour    |    36 |       ||    36
       Ring mail         |    37 |    73 ||   110
Dodge: Dodged            |   131 |   105 ||   236
